 Dungeon Crawl Stone Soup version 0.25.1-2-g60ff931 (webtiles) character file.

Game seed: 5746691087728723955

12039 2bobheroes the Carver (level 11, -6/76 (77) HPs)
             Began as an Octopode Fighter on Aug 3, 2020.
             Was an Elder of Okawaru.
             Mangled by a polar bear (25 damage)
             ... on level 2 of the Lair of Beasts on Aug 4, 2020.
             The game lasted 00:44:37 (12743 turns).

2bobheroes the Carver (Octopode Fighter)           Turns: 12743, Time: 00:44:38

HP:   -6/76 (77)    AC:  1    Str: 15    XL:     11   Next: 87%
MP:   10/11         EV: 21    Int: 11    God:    Okawaru [****..]
Gold: 817           SH: 16    Dex: 15    Spells: 10/10 levels left

rFire    . . .     SeeInvis +   C - +0 dagger (drain)
rCold    . . .     Gourm    .   b - +0 kite shield
rNeg     . . .     Faith    .   (helmet restricted)
rPois    .         Spirit   .   p - amulet of reflection
rElec    .         Reflect  +   t - +4 ring of evasion
rCorr    .         Harm     .   E - ring of see invisible
MR       .....                  (no ring)
Stlth    ++++++....             (no ring)
HPRegen  0.22/turn              (no ring)
MPRegen  0.12/turn              (no ring)
                                (no ring)
                                (no ring)

@: no status effects
A: almost no armour, stealthy swim, amphibious, 8 rings, constrict 8, camouflage
1, gelatinous body 1
a: Heroism, Renounce Religion


You were on level 2 of the Lair of Beasts.
You worshipped Okawaru.
Okawaru was greatly pleased with you.
You were hungry.

You visited 3 branches of the dungeon, and saw 11 of its levels.
You also visited: Ossuary.

You collected 817 gold pieces.

Inventory:

Hand Weapons
 a - a +0 long sword
 k - a +0 hunting sling
 v - a +0 short sword of freezing
 C - a +0 dagger of draining (weapon)
 F - a +0 dagger of venom
 N - a +3 dagger
Missiles
 i - 186 stones (quivered)
 A - 58 sling bullets
 B - 2 curare-tipped darts
 L - 44 poisoned darts
Armour
 b - a +0 kite shield (worn)
Jewellery
 p - an amulet of reflection (around mantle)
 t - a +4 ring of evasion (left tentacle)
 y - an uncursed ring of wizardry
 E - a ring of see invisible (right tentacle)
Wands
 c - a wand of flame (6)
 G - a wand of enslavement (15)
 I - a wand of polymorph (17)
 M - a wand of paralysis (11)
 P - a wand of disintegration (13)
Scrolls
 g - a scroll of blinking
 l - 4 scrolls of fear
 m - 8 scrolls of remove curse
 o - 4 scrolls of immolation
 q - 2 scrolls of teleportation
 s - 5 scrolls of enchant armour
 u - 5 scrolls of amnesia
 w - a scroll of noise {unknown}
 D - 4 scrolls of random uselessness {unknown}
 H - a scroll of magic mapping
 K - 4 scrolls of enchant weapon {unknown}
 S - a scroll of acquirement {unknown}
Potions
 e - 2 potions of brilliance
 f - a potion of resistance {unknown}
 h - 2 potions of magic {unknown}
 j - 4 potions of haste
 n - 2 potions of flight
 r - 3 potions of stabbing
 x - a potion of mutation
 z - a potion of lignification
 O - 3 potions of curing
Comestibles
 d - 19 rations
 J - a chunk of flesh


   Skills:
 + Level 8.2 Fighting
 * Level 11.0 Long Blades
 + Level 8.2 Dodging
 + Level 10.4 Stealth
 + Level 8.3 Shields


You had 10 spell levels left.
You didn't know any spells.
Your spell library contained the following spells:

 Spells                   Type           Power        Failure   Level  Hunger
 Beastly Appendage        Tmut           #.....       63%         1    ##.....
 Sticks to Snakes         Tmut           #.......     77%         2    ###....
 Spider Form              Tmut/Pois      #.........   94%         3    ####...
 Ice Form                 Ice/Tmut       #.......     100%        4    #####..
 Blade Hands              Tmut           #.........   100%        5    ######.
 Bolt of Magma            Conj/Fire/Erth #.........   100%        5    ######.
 Iskenderun's Battlesphe  Conj/Chrm      #.......     100%        5    ######.
 Iron Shot                Conj/Erth      #.........   100%        6    #######
 Orb of Destruction       Conj           #.........   100%        7    #######
 Spellforged Servitor     Conj/Summ      #.........   100%        7    #######


Dungeon Overview and Level Annotations

Branches:
Dungeon (8/15)             Temple (1/1) D:4            Lair (2/6) D:8
 Shoals (0/4) Lair:2      Ossuary (visited)
  Snake: Lair:2-4    Spider: Lair:2-4

Altars:
Ashenzari
Cheibriados
Dithmenos
Elyvilon
Fedhas
Gozag
Hepliaklqana
Kikubaaqudgha
Makhleb
Nemelex Xobeh
Okawaru
Qazlal
Ru
Sif Muna
Trog
Uskayaw
Vehumet
Wu Jian
Xom
Yredelemnul
Zin
The Shining One

Annotations:
Lair:2 exclusion: oklob plant


Innate Abilities, Weirdness & Mutations

You cannot wear most types of armour.
You are very stealthy in the water. (Stealth+)
You are amphibious.
You can wear up to eight rings at the same time.
You can use your tentacles to constrict eight enemies at once.
Your skin changes colour to match your surroundings (Stealth+).
Your rubbery body absorbs attacks. (AC +1, EV +1)


Message History

You block the polar bear's attack. The polar bear closely misses you.
You block the polar bear's attack.
You hit the polar bear but do no damage.
The polar bear is almost dead.
You hit the polar bear.
The polar bear is almost dead.
The polar bear closely misses you. The polar bear completely misses you.
The polar bear claws you.
You barely miss the polar bear.
Your tentacle-slap misses the polar bear.
Your squeeze misses the polar bear.
The polar bear is almost dead.
You feel like a meek peon again. The polar bear bites you!!
* * * LOW HITPOINT WARNING * * *
You block the polar bear's attack. x2
You hit the polar bear but do no damage.
The polar bear is almost dead.
The polar bear bites you!!
You die...

♣♣♣♣ ##.. ♣...♣ ##.
...... ## ♣♣♣......
#♣♣♣........
##h.......>..
#hic.♣?......
##h♣♣♣♣.)..h. #@♣
..h... ## #.##
♣...♣ ##. ##.P#
♣♣♣♣ ##.. #...#
##... ##.#####
######....
#....#.###.........
##.................
##..P.PP##+#.#÷.P#
##.#.####....####


You could see a polar bear (berserk, drained), a black bear, a spriggan, a wolf
and a centaur.

Vanquished Creatures
  2 hydras (Lair:1)
  A two-headed ogre (D:6)
  A cyclops (D:6)
  A black mamba (Lair:1)
  2 komodo dragons
  2 trolls (D:6)
  4 blink frogs (Lair:2)
  3 hippogriffs
  4 basilisks
  Eustachio (D:4)
  6 yaks
  3 water moccasins
  Duvessa (D:7)
  3 orc warriors (D:6)
  2 porcupines
  3 ice beasts
  A black bear (D:7)
  2 necrophages
  5 ogres
  6 wolves
  2 centaurs (D:8)
  3 crocodiles
  3 big kobolds (D:8)
  10 bullfrogs
  Dowan (D:7)
  3 scorpions
  3 wights (D:6)
  3 howler monkeys
  3 crimson imps
  A bullfrog zombie (D:6)
  2 jellies (D:6)
  2 centaur skeletons (D:6)
  3 centaur zombies (Ossuary)
  2 human zombies (Ossuary)
  4 orc priests
  2 bullfrog skeletons (D:5)
  4 hounds
  4 iguanas
  6 worker ants
  11 orc wizards
  A killer bee zombie (D:7)
  3 mummies
  A worker ant zombie (D:6)
  A gnoll (D:6)
  12 adders
  A shadow imp (D:5)
  A white imp (D:7)
  An ooze (D:4)
  An adder zombie (Ossuary)
  An adder skeleton (D:7)
  3 worms
  3 dart slugs (D:3)
  2 leopard geckos
  31 orcs
  4 giant cockroaches
  6 goblins
  4 hobgoblins
  5 jackals
  3 quokkas
  4 bats
  2 frilled lizards
  2 goblin zombies (Ossuary)
  13 hobgoblin zombies (Ossuary)
  A jackal skeleton (D:5)
  24 kobolds
  9 kobold zombies (Ossuary)
  4 orc zombies (Ossuary)
  A quokka skeleton (D:6)
  6 rats
  3 rat zombies (Ossuary)
278 creatures vanquished.

Vanquished Creatures (others)
  4 fungi (D:8)
  6 plants (D:8)
10 creatures vanquished.

Grand Total: 288 creatures vanquished

Notes
Turn   | Place    | Note
-------+----------+-------------------------------------------
     0 | D:1      | 2bobheroes the Octopode Fighter began the quest for the
                  | Orb.
     0 | D:1      | Reached XP level 1. HP: 16/16 MP: 1/1
   341 | D:1      | Reached XP level 2. HP: 21/21 MP: 2/2
  1022 | D:2      | Reached XP level 3. HP: 17/26 MP: 3/3
  1669 | D:2      | Reached skill level 3 in Long Blades
  1669 | D:2      | Reached XP level 4. HP: 31/31 MP: 4/4
  2128 | D:3      | Found a sacrificial altar of Ru.
  2354 | D:3      | Reached skill level 1 in Stealth
  2354 | D:3      | Reached XP level 5. HP: 32/36 MP: 5/5
  2965 | D:3      | Reached skill level 4 in Long Blades
  2965 | D:3      | Reached XP level 6. HP: 43/43 MP: 6/6
  3775 | D:4      | Reached XP level 7. HP: 39/48 MP: 7/7
  3872 | D:4      | Found a staircase to the Ecumenical Temple.
  3886 | D:4      | Noticed Eustachio
  3894 | D:4      | Killed Eustachio
  3894 | D:4      | Reached skill level 5 in Long Blades
  3926 | Temple   | Entered the Ecumenical Temple
  4011 | Temple   | Became a worshipper of Warmaster Okawaru
  4376 | D:5      | Entered Level 5 of the Dungeon
  4472 | D:5      | Found a sand-covered staircase.
  4479 | Ossuary  | Entered an ossuary
  4513 | Ossuary  | Reached XP level 8. HP: 54/54 MP: 8/8
  4930 | D:5      | Reached * piety under Okawaru
  4935 | D:5      | Reached skill level 6 in Long Blades
  5232 | D:5      | Reached skill level 5 in Fighting
  5232 | D:5      | Reached skill level 5 in Dodging
  5232 | D:5      | Reached skill level 5 in Shields
  5247 | D:5      | Reached skill level 5 in Stealth
  6260 | D:6      | Reached ** piety under Okawaru
  6260 | D:6      | Reached XP level 9. HP: 51/61 MP: 9/9
  6262 | D:6      | Reached skill level 7 in Long Blades
  6418 | D:6      | Found an ornate altar of the Wu Jian Council.
  6457 | D:6      | Found a snail-covered altar of Cheibriados.
  6911 | D:6      | Noticed a troll
  6927 | D:6      | Killed a troll
  6927 | D:6      | Reached *** piety under Okawaru
  7151 | D:6      | Noticed a troll
  7183 | D:6      | Killed a troll
  7183 | D:6      | Reached skill level 8 in Long Blades
  7326 | D:6      | Noticed a cyclops
  7337 | D:6      | Killed a cyclops
  7337 | D:6      | Reached XP level 10. HP: 49/69 MP: 10/10
  7498 | D:6      | Noticed a two-headed ogre
  7557 | D:6      | Killed a two-headed ogre
  7557 | D:6      | Reached **** piety under Okawaru
  7647 | D:6      | Reached skill level 9 in Long Blades
  7818 | D:7      | Noticed Dowan
  7819 | D:7      | Noticed Duvessa
  7829 | D:7      | Killed Dowan
  7838 | D:7      | Killed Duvessa
  9025 | D:8      | Found a staircase to the Lair.
  9581 | D:8      | Reached ***** piety under Okawaru
  9639 | D:8      | Reached XP level 11. HP: 66/74 MP: 11/11
  9705 | D:8      | Reached skill level 10 in Long Blades
 10353 | Lair:1   | Entered Level 1 of the Lair of Beasts
 10380 | Lair:1   | Noticed a four-headed hydra
 10424 | Lair:1   | Killed a four-headed hydra
 10818 | Lair:1   | Received a gift from Okawaru
 11706 | Lair:1   | Noticed a seven-headed hydra
 11714 | Lair:1   | Killed a seven-headed hydra
 11714 | Lair:1   | Reached skill level 10 in Stealth
 12065 | Lair:2   | Found a staircase to the Shoals.
 12438 | Lair:2   | Noticed an oklob plant
 12608 | Lair:2   | Reached skill level 11 in Long Blades
 12743 | Lair:2   | Mangled by a polar bear

Illustrated notes

Levels and vault maps discovered:
D:1:      dpeg_arrival_central, layout_basic
D:2:      layout_rooms, minmay_octomino_e4
D:3:      layout_loops_ring, hangedman_ru_absence
D:4:      layout_loops_ring, minmay_temple_entry_purple_smoke, first_ration,
          minmay_strange_pillars, uniq_eustachio
D:5:      layout_basic, chequers_ossuary_entry_cave, moated_statue
D:6:      minmay_klotski, layout_rooms, slow_altar_1, basic_altar
D:7:      layout_basic, hangedman_abyss_or_decor_lesser_grid,
          minmay_fire_ice_demons, uniq_duvessa
D:8:      layout_loops_corners, minmay_lair_entry_grove
Temple:   dpeg_three_leaves_temple
Lair:1:   wad_woods_structure_01, layout_regular_city, minivault_11,
          minmay_shattered_shrine, lemuel_fruit_fields
Lair:2:   layout_roguey, shoals_dummy_entry, minmay_holes, forest_entry_grove,
          minmay_lair_oklob_chamber

Skill      XL: |  1  2  3  4  5  6  7  8  9 10 11 |
---------------+----------------------------------+-----
Long Blades    | 3 4 5 6 8 9 11 | 11.0
Stealth        | 1 2 3 4 5 7 9 10 | 10.4
Shields        | 4 5 6 7 8 |  8.3
Fighting       | 4 5 6 7 8 |  8.2
Dodging        | 4 5 6 7 8 |  8.2

Action                   |  1- 3 |  4- 6 |  7- 9 | 10-12 || total
-------------------------+-------+-------+-------+-------++-------
Melee: Long sword        |    40 |   105 |   313 |   117 ||   575
       Constrict         |    18 |    39 |    80 |    50 ||   187
       Tentacles         |     9 |    32 |    99 |   110 ||   250
       Punch             |       |       |     3 |     5 ||     8
       Dagger            |       |       |       |   143 ||   143
       Short sword       |       |       |       |   135 ||   135
Throw: Stone             |       |       |     3 |       ||     3
       Dart              |       |       |       |    12 ||    12
       Boomerang         |       |       |       |     2 ||     2
Invok: Heroism           |       |       |     4 |    17 ||    21
Evoke: Wand              |       |       |       |     9 ||     9
  Use: Scroll            |       |       |    12 |     7 ||    19
       Potion            |       |       |     4 |       ||     4
 Stab: Sleeping          |     5 |     9 |    10 |    22 ||    46
       Distracted        |       |       |     2 |       ||     2
  Eat: Chunk             |     2 |     7 |    12 |    13 ||    34
       Ration            |       |       |       |     1 ||     1
Armor: Skin              |     2 |     3 |     4 |     3 ||    12
Dodge: Dodged            |    12 |    38 |   131 |   173 ||   354
Block: Kite shield       |    16 |    47 |   197 |   286 ||   546
       Reflection        |       |       |     1 |     4 ||     5
       Rpst.: Long sword |     5 |    15 |    36 |    10 ||    66
